[Event "89th GER-ch"]
[Site "Dresden"]
[Date "2018.08.06"]
[Round "5.4"]
[White "Armbrust, Florian"]
[Black "Reuker, Jari"]
[Result "1/2-1/2"]
[ECO "C68"]
[WhiteElo "2300"]
[BlackElo "2404"]
[Annotator "NA"]
[PlyCount "60"]
[EventDate "2018.08.03"]
[EventType "swiss"]
[EventCountry "GER"]
[SourceTitle "playchess.com"]
[Source "ChessBase"]
[SourceQuality "1"]
[TimeControl "40/5400+30:1800+30"]

1. e4 e5 2. Nf3 Nc6 3. Bb5 a6 4. Bxc6 dxc6 5. O-O Qf6 6. d4 {[%emt 1:30:43] C68: Ruy Lopez: Exchange Variation, sidelines} exd4 7. Bg5 Qd6 8. Nxd4 Be7 9. Bxe7 Nxe7 10. Nc3 Bd7 11. Nb3 Qxd1 12. Raxd1 b6 13. Rd2 O-O-O {[%emt 1:34:12] [#]} 14. Rfd1 $146 c5 15. Nd5 Nxd5 16. Rxd5 f5 17. exf5 Bxf5 18. Rxd8+ $1 Rxd8 19. Rxd8+ Kxd8 20. c3 Be6 21. Nc1 $11 Ke7 22. f3 Kd6 23. Kf2 a5 24. Ke3 a4 25. g4 a3 26. bxa3 Kd5 27. Kd3 Ke5 28. Ke3 Kd5 29. Kd3 Ke5 30. Ke3 Kd5 1/2-1/2

[Event "89th GER-ch"]
[Site "Dresden"]
[Date "2018.08.08"]
[Round "6"]
[White "Colpe, Malte"]
[Black "Faerber, David"]
[Result "1-0"]
[ECO "B13"]
[WhiteElo "2384"]
[BlackElo "2321"]
[Annotator "NA"]
[PlyCount "119"]
[EventDate "2018.08.03"]
[EventType "swiss"]
[EventCountry "GER"]
[SourceTitle "playchess.com"]
[Source "ChessBase"]
[SourceQuality "1"]
[TimeControl "40/5400+30:1800+30"]

1. e4 c6 2. d4 d5 3. exd5 cxd5 4. c4 Nf6 5. Nc3 Nc6 6. Nf3 Bg4 7. Bg5 Ne4 8. Be3 e6 9. cxd5 exd5 10. Bd3 Nxc3 11. bxc3 Be7 12. Rb1 Qd7 13. Qc2 Bxf3 14. gxf3 Bf6 15. Rb5 Ne7 16. h4 h6 17. Qb3 b6 18. h5 O-O 19. Kd2 Rfe8 20. a4 Bg5 21. f4 Bf6 22. Bb1 Kf8 23. Qc2 Qg4 24. Qh7 Ng8 25. Qf5 Qxf5 26. Bxf5 Ne7 27. Bg4 Red8 28. Rhb1 Rd6 29. a5 Rb8 30. Kd3 Bh4 31. Bf3 Ke8 32. Rh1 Bf6 33. Ra1 a6 34. Rxb6 Rbxb6 35. axb6 Rxb6 36. Ra5 Rd6 37. Bc1 Bh4 38. Ke2 Re6+ 39. Kf1 Rc6 40. Bd2 Rd6 41. Be2 Rb6 42. Bxa6 Kd7 43. Bd3 Ke6 44. f5+ Kd6 45. Bf4+ Kc6 46. Rc5+ Kb7 47. Rc7+ Ka8 48. Be5 Rb2 49. Be2 f6 50. Rxe7 fxe5 51. Re8+ Kb7 52. dxe5 Rb1+ 53. Kg2 Rb2 54. Kf3 Rc2 55. Rg8 Rxc3+ 56. Kg4 Bxf2 57. Rxg7+ Kc8 58. f6 Bc5 59. e6 Bd6 60. Ba6+ 1-0

[Event "89th GER-ch"]
[Site "Dresden"]
[Date "2018.08.08"]
[Round "6"]
[White "Syrov, Arkadi"]
[Black "Heinert, Eugen"]
[Result "1-0"]
[ECO "C18"]
[WhiteElo "2295"]
[BlackElo "2146"]
[Annotator "NA"]
[PlyCount "51"]
[EventDate "2018.08.03"]
[EventType "swiss"]
[EventCountry "GER"]
[SourceTitle "playchess.com"]
[Source "ChessBase"]
[SourceQuality "1"]
[TimeControl "40/5400+30:1800+30"]

1. e4 e6 2. d4 d5 3. Nc3 Bb4 4. e5 c5 5. a3 Bxc3+ 6. bxc3 Ne7 7. Qg4 cxd4 8. Qxg7 Rg8 9. Qxh7 Qc7 10. Ne2 Nbc6 11. f4 Bd7 12. h4 O-O-O 13. Qd3 dxc3 14. h5 d4 15. h6 Rg6 16. h7 Rh8 17. Nxd4 Nxd4 18. Qxd4 Nf5 19. Qxa7 Qc6 20. Rh3 Qe4+ 21. Be3 Nxe3 22. Rxe3 Qxf4 23. Rxc3+ Kd8 24. Qb8+ Ke7 25. Qd6+ Ke8 26. Rc8+ 1-0

[Event "89th GER-ch"]
[Site "Dresden"]
[Date "2018.08.08"]
[Round "6"]
[White "Fischer, Sebastian"]
[Black "Gaede, Derek"]
[Result "0-1"]
[ECO "D03"]
[WhiteElo "2292"]
[BlackElo "2298"]
[Annotator "NA"]
[PlyCount "70"]
[EventDate "2018.08.03"]
[EventType "swiss"]
[EventCountry "GER"]
[SourceTitle "playchess.com"]
[Source "ChessBase"]
[SourceQuality "1"]
[TimeControl "40/5400+30:1800+30"]

1. d4 Nf6 2. Nf3 d5 3. Bg5 Ne4 4. Bh4 h5 5. c4 f6 6. cxd5 g5 7. Bg3 h4 8. Qc2 Bf5 9. Bxc7 Qc8 10. Qa4+ Nd7 11. Ba5 Qc1+ 12. Qd1 Qxd1+ 13. Kxd1 Nxf2+ 14. Ke1 Nxh1 15. Nc3 g4 16. Nd2 g3 17. h3 Nf2 18. e4 Bg6 19. Nb5 Bh6 20. Nc7+ Kf7 21. Nxa8 Rxa8 22. Rc1 Nxe4 23. Rc7 Bxd2+ 24. Bxd2 Nxd2 25. Kxd2 Bf5 26. Bc4 Ke8 27. Ke3 Rb8 28. Bb3 Kd8 29. Rc1 Rc8 30. Rf1 Bc2 31. Kd2 Be4 32. Rf4 Bxg2 33. Rxh4 Bf3 34. Rh7 g2 35. Rg7 Nb6 0-1

[Event "89th GER-ch"]
[Site "Dresden"]
[Date "2018.08.08"]
[Round "6"]
[White "Svane, Frederik"]
[Black "Armbrust, Florian"]
[Result "1/2-1/2"]
[ECO "D78"]
[WhiteElo "2292"]
[BlackElo "2300"]
[Annotator "NA"]
[PlyCount "80"]
[EventDate "2018.08.03"]
[EventType "swiss"]
[EventCountry "GER"]
[SourceTitle "playchess.com"]
[Source "ChessBase"]
[SourceQuality "1"]
[TimeControl "40/5400+30:1800+30"]

1. c4 c6 2. Nf3 d5 3. g3 Nf6 4. Bg2 g6 5. O-O Bg7 6. d4 O-O 7. b3 Ne4 8. Bb2 Nd7 9. Nbd2 Ndf6 10. Nxe4 Nxe4 11. Nd2 Nd6 12. e3 Be6 13. Qe2 dxc4 14. Nxc4 Nxc4 15. bxc4 Qb6 16. Rfb1 Qa6 17. Bf1 Qa4 18. Bc3 b6 19. Qd1 Qxd1 20. Rxd1 c5 21. Rac1 cxd4 22. exd4 Rac8 23. d5 Bg4 24. Bxg7 Kxg7 25. Re1 Rc7 26. Rc3 Rd8 27. Rce3 Kf8 28. a4 Bc8 29. a5 bxa5 30. Ra3 Ba6 31. Rxa5 Bxc4 32. Bxc4 Rxc4 33. Rxa7 Rxd5 34. Rexe7 Rf5 35. Re2 h5 36. h4 Rcc5 37. Rae7 Kg7 38. Kg2 Rc3 39. R7e3 Rxe3 40. Rxe3 Rf6 {(=)} 1/2-1/2

[Event "89th GER-ch"]
[Site "Dresden"]
[Date "2018.08.08"]
[Round "6"]
[White "Rehberg, Raphael"]
[Black "Plassmann, Dominik"]
[Result "1/2-1/2"]
[ECO "B38"]
[WhiteElo "2234"]
[BlackElo "2186"]
[Annotator "NA"]
[PlyCount "52"]
[EventDate "2018.08.03"]
[EventType "swiss"]
[EventCountry "GER"]
[SourceTitle "playchess.com"]
[Source "ChessBase"]
[SourceQuality "1"]
[TimeControl "40/5400+30:1800+30"]

1. e4 c5 2. Nf3 g6 3. d4 cxd4 4. Nxd4 Bg7 5. c4 Nc6 6. Be3 Nf6 7. Nc3 d6 8. Be2 O-O 9. O-O Nd7 10. Qd2 Nxd4 11. Bxd4 Bxd4 12. Qxd4 Qb6 13. Qxb6 Nxb6 14. Nd5 Nxd5 15. cxd5 f5 16. f3 fxe4 17. fxe4 Bd7 18. Rac1 Rxf1+ 19. Bxf1 Rc8 20. Rxc8+ Bxc8 21. Kf2 Kg7 22. Ke3 Kf6 23. Kd4 Kg5 24. Ke3 Kf6 25. Kd4 Kg5 26. Ke3 Kf6 {(=)} 1/2-1/2

[Event "89th GER-ch"]
[Site "Dresden"]
[Date "2018.08.08"]
[Round "6"]
[White "Heimrath, Reiner"]
[Black "Mueller, Nick"]
[Result "0-1"]
[ECO "D79"]
[WhiteElo "2200"]
[BlackElo "2313"]
[Annotator "NA"]
[PlyCount "104"]
[EventDate "2018.08.03"]
[EventType "swiss"]
[EventCountry "GER"]
[SourceTitle "playchess.com"]
[Source "ChessBase"]
[SourceQuality "1"]
[TimeControl "40/5400+30:1800+30"]

1. Nf3 d5 2. g3 g6 3. Bg2 Bg7 4. c4 c6 5. cxd5 cxd5 6. O-O Nf6 7. Nc3 O-O 8. d4 Ne4 9. Qb3 Nxc3 10. bxc3 Nc6 11. Nd2 e6 12. a4 b6 13. Re1 Na5 14. Qb1 Bb7 15. Nb3 Nc4 16. a5 Qd7 17. Bf4 Rfc8 18. Rc1 Bf8 19. h4 Nd6 20. Nd2 b5 21. a6 Bc6 22. Be5 Rab8 23. Qd3 Rb6 24. Qf3 Ne8 25. g4 f5 26. gxf5 exf5 27. Qh3 Ba8 28. h5 g5 29. Qh1 Rh6 30. c4 bxc4 31. Ra5 Qf7 32. Bxd5 Bxd5 33. Qxd5 Qxd5 34. Rxd5 c3 35. Nb3 Rxa6 36. Nc5 Ra3 37. Rc2 h6 38. Kg2 Ng7 39. Bxg7 Bxg7 40. e3 f4 41. Kf3 fxe3 42. fxe3 a5 43. Ke4 a4 44. Rd7 Bf8 45. Ne6 Rb3 46. Kd3 Ra8 47. Nxf8 a3 48. Ng6 a2 49. Rf2 c2+ 50. Kxc2 Rb2+ 51. Kxb2 a1=Q+ 52. Kc2 Qa4+ 0-1

[Event "89th GER-ch"]
[Site "Dresden"]
[Date "2018.08.08"]
[Round "6"]
[White "Adiyaman, Rene"]
[Black "Zude, Arno"]
[Result "1/2-1/2"]
[ECO "C55"]
[WhiteElo "2097"]
[BlackElo "2373"]
[Annotator "NA"]
[PlyCount "94"]
[EventDate "2018.08.03"]
[EventType "swiss"]
[EventCountry "GER"]
[SourceTitle "playchess.com"]
[Source "ChessBase"]
[SourceQuality "1"]
[TimeControl "40/5400+30:1800+30"]

1. e4 e5 2. Nf3 Nc6 3. Bc4 Nf6 4. d3 Be7 5. O-O O-O 6. Re1 d6 7. a4 Na5 8. Ba2 c5 9. c3 Nc6 10. Na3 h6 11. Bd2 a6 12. h3 Re8 13. Nc4 Be6 14. Ne3 Bxa2 15. Rxa2 Bf8 16. Nf5 d5 17. Nh2 dxe4 18. dxe4 Qd7 19. b3 Rad8 20. Ng4 Nxg4 21. Qxg4 Kh7 22. Be3 Qe6 23. Bxc5 g6 24. Bxf8 Rxf8 25. Ne3 Qxb3 26. Ree2 Qxc3 27. Nd5 Qc1+ 28. Kh2 f5 29. Qh4 Qg5 30. Qxg5 hxg5 31. Reb2 Rf7 32. Rb6 Kg7 33. Rab2 Na5 34. Re6 fxe4 35. Ne3 Rd4 36. Ng4 Nc6 37. Nxe5 Nxe5 38. Rxe5 Rxa4 39. Rb6 Rc4 40. Ree6 Rc6 41. Rexc6 bxc6 42. Rxc6 Rxf2 43. Rxa6 Rf6 44. Ra4 Rf4 45. Kg3 Kf6 46. Ra6+ Kf5 47. Ra5+ Kf6 {(=)} 1/2-1/2

[Event "89th GER-ch"]
[Site "Dresden"]
[Date "2018.08.08"]
[Round "6"]
[White "Proschmann, Tino"]
[Black "Brustkern, Juergen"]
[Result "0-1"]
[ECO "B13"]
[WhiteElo "2092"]
[BlackElo "2219"]
[Annotator "NA"]
[PlyCount "52"]
[EventDate "2018.08.03"]
[EventType "swiss"]
[EventCountry "GER"]
[SourceTitle "playchess.com"]
[Source "ChessBase"]
[SourceQuality "1"]
[TimeControl "40/5400+30:1800+30"]

1. e4 c6 2. d4 d5 3. exd5 cxd5 4. Bd3 Nc6 5. c3 g6 6. Nf3 Bg7 7. O-O Nh6 8. Re1 O-O 9. Bf4 f6 10. c4 Nb4 11. cxd5 Nxd3 12. Qxd3 g5 13. Bd2 Nf5 14. Bb4 g4 15. Nfd2 Qxd5 16. Qb3 Qxb3 17. Nxb3 Kf7 18. Nc3 Rd8 19. Ne2 b6 20. Rac1 Rd7 21. Rc2 Bb7 22. Rec1 a5 23. Bd2 a4 24. Na1 Ba6 25. Be3 Rad8 26. Nc3 Nxd4 0-1

[Event "89th GER-ch"]
[Site "Dresden"]
[Date "2018.08.08"]
[Round "6.1"]
[White "Buhmann, Rainer"]
[Black "Kvetny, Mark"]
[Result "1-0"]
[ECO "B90"]
[WhiteElo "2581"]
[BlackElo "2421"]
[Annotator "ChessBase"]
[PlyCount "81"]
[EventDate "2018.08.03"]
[EventType "swiss"]
[EventCountry "GER"]
[SourceTitle "playchess.com"]
[Source "ChessBase"]
[SourceQuality "1"]
[TimeControl "40/5400+30:1800+30"]

1. e4 c5 2. Nf3 d6 3. d4 cxd4 4. Nxd4 Nf6 5. Nc3 a6 6. Be3 Ng4 7. Bc1 Nf6 8. f3 e5 9. Nb3 Be6 10. Be3 Nbd7 11. g4 Nb6 12. g5 Nfd7 13. Qd2 Be7 14. h4 h6 15. Rg1 hxg5 16. hxg5 Qc7 17. O-O-O O-O-O 18. Nd5 Bxd5 19. exd5 f6 20. gxf6 Nxf6 21. Qa5 Na8 22. Rxg7 Qxa5 23. Nxa5 Rh7 24. Rxh7 Nxh7 25. Bh3+ Kb8 26. Rg1 Nf6 27. c4 Rg8 28. Rxg8+ Nxg8 29. Kc2 Bd8 30. b4 Nf6 31. Kd3 Bb6 32. Bg5 Nh5 33. Bg4 Nf4+ 34. Ke4 Ne2 35. Kd3 Nf4+ 36. Ke4 Ne2 37. Bd2 Bd8 38. Be1 Kc7 39. c5 b6 40. cxd6+ Kxd6 41. Nc4+ 1-0

[Event "89th GER-ch"]
[Site "Dresden"]
[Date "2018.08.08"]
[Round "6.2"]
[White "Langrock, Hannes"]
[Black "Poetsch, Hagen"]
[Result "0-1"]
[ECO "D73"]
[WhiteElo "2370"]
[BlackElo "2513"]
[Annotator "ChessBase"]
[PlyCount "72"]
[EventDate "2018.08.03"]
[EventType "swiss"]
[EventCountry "GER"]
[SourceTitle "playchess.com"]
[Source "ChessBase"]
[SourceQuality "1"]
[TimeControl "40/5400+30:1800+30"]

1. d4 g6 2. c4 Nf6 3. g3 c5 4. Nf3 cxd4 5. Nxd4 Bg7 6. Bg2 d5 7. cxd5 Nxd5 8. O-O O-O 9. Na3 Nc6 10. Nxc6 bxc6 11. Qa4 Qb6 12. e4 Nc7 13. Rb1 Rd8 14. Be3 Qa6 15. Qb4 Be6 16. b3 Rab8 17. Qc5 Nb5 18. Nxb5 cxb5 19. Qxa7 Qxa7 20. Bxa7 Ra8 21. Bc5 Rxa2 22. Rfd1 Rxd1+ 23. Rxd1 Bc3 24. b4 Bd2 25. Bxe7 Bb3 26. Rb1 Bc2 27. Rf1 Ra4 28. e5 Bxb4 29. Rc1 Bf5 30. Bf6 Ra2 31. Bf1 Bd2 32. Rc7 Be1 33. Bd3 Bxf2+ 34. Kh1 Bg4 35. Be4 Ra1+ 36. Kg2 Bb6 0-1

[Event "89th GER-ch"]
[Site "Dresden"]
[Date "2018.08.08"]
[Round "6.3"]
[White "Gschnitzer, Adrian"]
[Black "Miller, Eduard"]
[Result "1/2-1/2"]
[ECO "C50"]
[WhiteElo "2333"]
[BlackElo "2309"]
[Annotator "NA"]
[PlyCount "75"]
[EventDate "2018.08.03"]
[EventType "swiss"]
[EventCountry "GER"]
[SourceTitle "playchess.com"]
[Source "ChessBase"]
[SourceQuality "1"]
[TimeControl "40/5400+30:1800+30"]

1. e4 e5 2. Nf3 Nc6 3. Bc4 Bc5 4. O-O Nf6 5. d3 O-O 6. a4 a6 7. Nbd2 Ba7 8. Re1 Re8 9. c3 h6 10. Qb3 Qe7 11. a5 d6 12. Nf1 Nd8 13. Ng3 Be6 14. d4 exd4 15. cxd4 Bxc4 16. Qxc4 d5 17. exd5 Qd7 18. Rxe8+ Nxe8 19. Ne5 Qb5 20. Qxb5 axb5 21. a6 Bb8 22. Nd7 bxa6 23. Nf5 a5 24. Bf4 Nb7 25. Ne7+ Kh7 26. Nc5 Nbd6 27. b3 g5 28. Be5 f6 29. Bg3 a4 30. bxa4 bxa4 31. Nc6 a3 32. Nd7 Nc4 33. Ncxb8 Nd2 34. Nc6 Nb3 35. Ra2 Nc1 36. Ra1 Nb3 37. Ra2 Nc1 38. Ra1 1/2-1/2

[Event "89th GER-ch"]
[Site "Dresden"]
[Date "2018.08.08"]
[Round "6.4"]
[White "Gungl, Theo"]
[Black "Reuker, Jari"]
[Result "1/2-1/2"]
[ECO "C68"]
[WhiteElo "2283"]
[BlackElo "2404"]
[Annotator "NA"]
[PlyCount "97"]
[EventDate "2018.08.03"]
[EventType "swiss"]
[EventCountry "GER"]
[SourceTitle "playchess.com"]
[Source "ChessBase"]
[SourceQuality "1"]
[TimeControl "40/5400+30:1800+30"]

1. e4 e5 2. Nf3 Nc6 3. Bb5 a6 4. Bxc6 dxc6 5. O-O Qf6 6. d4 exd4 7. Bg5 Qd6 8. Nxd4 Be7 $14 {[%emt 1:32:43] LiveBook: 103 Games} 9. Bxe7 Nxe7 10. Nc3 Bd7 11. Nb3 Qxd1 12. Raxd1 b6 13. Rd2 O-O-O 14. Rfd1 f5 15. f3 c5 16. Nc1 fxe4 17. Nxe4 Rhf8 18. Ne2 h6 19. N2c3 Nf5 20. Kf2 Rf7 21. Nd5 Rdf8 22. Ng3 Nh4 23. Nf1 g5 24. Nfe3 Ng6 25. Nc4 Bb5 26. Nce3 h5 27. h3 Bc6 28. Kg1 Kb7 29. Nf1 h4 30. Nfe3 Ne5 31. Re2 Bb5 32. Ree1 a5 33. Nc3 Bc6 34. Ned5 Nc4 35. b3 Na3 36. Re2 Rd8 37. Ne3 Re8 38. Kf2 b5 39. Nb1 Nxb1 40. Rxb1 Rd7 41. c4 b4 42. Ng4 Red8 43. Ne5 Rd2 44. Rbe1 Be8 45. Rxd2 Rxd2+ 46. Re2 Rd1 47. Ke3 Rd4 48. Rd2 Rd6 49. Re2 1/2-1/2

[Event "89th GER-ch"]
[Site "Dresden"]
[Date "2018.08.09"]
[Round "7"]
[White "Armbrust, Florian"]
[Black "Gungl, Theo"]
[Result "1/2-1/2"]
[ECO "B52"]
[WhiteElo "2300"]
[BlackElo "2283"]
[Annotator "ChessBase"]
[PlyCount "88"]
[EventDate "2018.08.03"]
[EventType "swiss"]
[EventCountry "GER"]
[SourceTitle "playchess.com"]
[Source "ChessBase"]
[SourceQuality "1"]
[TimeControl "40/5400+30:1800+30"]

1. e4 c5 2. Nf3 d6 3. Bb5+ Bd7 4. Bxd7+ Qxd7 5. c4 Nf6 6. Nc3 Nc6 7. d4 cxd4 8. Nxd4 g6 9. f3 Bg7 10. Be3 O-O 11. Rc1 Rac8 12. b3 Rfd8 13. O-O e6 14. Qd2 d5 15. cxd5 exd5 16. Nxc6 Rxc6 17. Nxd5 Nxd5 18. Qxd5 Qxd5 19. exd5 Rxd5 20. Rxc6 bxc6 21. Rc1 Bd4 22. Bxd4 Rxd4 23. a4 Rd3 24. Rxc6 Rxb3 25. Rc7 Ra3 26. Rxa7 Ra2 27. g4 h6 28. h4 Kg7 29. a5 Kg8 30. a6 Kg7 31. Kf1 Kf6 32. Ke1 Rh2 33. g5+ hxg5 34. hxg5+ Kxg5 35. Rxf7 Ra2 36. a7 Kh4 37. f4 g5 38. f5 Kg4 39. Kd1 Kf4 40. Kc1 g4 41. Kb1 Ra4 42. f6 Kf5 43. Rg7 Kxf6 44. Rxg4 Rxa7 1/2-1/2

[Event "89th GER-ch"]
[Site "Dresden"]
[Date "2018.08.09"]
[Round "7.2"]
[White "Miller, Eduard"]
[Black "Colpe, Malte"]
[Result "1-0"]
[ECO "A07"]
[WhiteElo "2309"]
[BlackElo "2384"]
[Annotator "NA"]
[PlyCount "59"]
[EventDate "2018.08.03"]
[EventType "swiss"]
[EventCountry "GER"]
[SourceTitle "playchess.com"]
[Source "ChessBase"]
[SourceQuality "1"]
[TimeControl "40/5400+30:1800+30"]

1. Nf3 d5 2. g3 Bg4 3. Bg2 Nd7 4. d4 e6 5. O-O Bd6 6. c4 c6 7. cxd5 exd5 8. Nc3 Ngf6 9. Ne1 O-O 10. f3 Bh5 11. Nd3 Re8 12. Nf4 Bxf4 13. Bxf4 a5 14. Qd2 Nb6 15. b3 a4 $11 16. e4 dxe4 17. fxe4 axb3 18. axb3 Rxa1 19. Rxa1 Bg6 20. d5 Qe7 21. Be3 Nbd7 22. Ra7 Ne5 23. d6 Qd7 24. Qd4 Bh5 25. Na4 Nf3+ 26. Bxf3 Bxf3 27. Nc5 Qh3 28. Qd2 b6 29. d7 Rd8 30. Ra8 1-0

[Event "89th GER-ch"]
[Site "Dresden"]
[Date "2018.08.09"]
[Round "7.3"]
[White "Mueller, Nick"]
[Black "Gschnitzer, Adrian"]
[Result "1/2-1/2"]
[ECO "B37"]
[WhiteElo "2313"]
[BlackElo "2333"]
[Annotator "NA"]
[PlyCount "80"]
[EventDate "2018.08.03"]
[EventType "swiss"]
[EventCountry "GER"]
[SourceTitle "playchess.com"]
[Source "ChessBase"]
[SourceQuality "1"]
[TimeControl "40/5400+30:1800+30"]

1. e4 c5 2. Nf3 Nc6 3. d4 cxd4 4. Nxd4 g6 5. c4 Bg7 6. Nc2 d6 7. Be2 Be6 8. O-O Rc8 9. Ne3 Nf6 10. Nc3 O-O 11. Bd2 Nd7 12. Rb1 a6 13. Kh1 Nd4 14. f4 $11 f5 15. exf5 Nxf5 16. Ne4 Kh8 17. Ng5 Bg8 18. Nxf5 Rxf5 19. Bd3 Rf6 20. Qe2 Nc5 21. Bc2 Ne6 22. Nxe6 Bxe6 23. b3 Bf5 24. Bc3 Rf7 25. Bxg7+ Kxg7 26. Be4 Qd7 27. Rbe1 Bxe4 28. Qxe4 Rcf8 29. Rf3 Qc6 30. h3 Qxe4 31. Rxe4 Rc8 32. Rfe3 Kf8 33. Kh2 Ke8 34. g4 Kd7 35. Kg3 Rc5 36. a4 a5 37. Rd3 Rf8 38. Rde3 Rf7 39. Rd3 Rf8 40. Rde3 Rf7 1/2-1/2

[Event "89th GER-ch"]
[Site "Dresden"]
[Date "2018.08.10"]
[Round "8.2"]
[White "Colpe, Malte"]
[Black "Poetsch, Hagen"]
[Result "0-1"]
[ECO "B90"]
[WhiteElo "2384"]
[BlackElo "2513"]
[Annotator "ChessBase"]
[PlyCount "102"]
[EventDate "2018.08.03"]
[EventType "swiss"]
[EventCountry "GER"]
[SourceTitle "playchess.com"]
[Source "ChessBase"]
[SourceQuality "1"]
[TimeControl "40/5400+30:1800+30"]

1. e4 c5 2. Nf3 d6 3. d4 cxd4 4. Nxd4 Nf6 5. Nc3 a6 6. h4 g6 7. h5 gxh5 8. Bg5 Nbd7 9. Qd2 h6 10. Bh4 b5 11. Nd5 Nxd5 12. exd5 Ne5 13. Be2 Bg4 14. O-O-O Qc7 15. Rhe1 Rg8 16. f4 Nc4 17. Bxc4 Qxc4 18. Qe3 Bxd1 19. Bxe7 Bxc2 20. Nxc2 Rxg2 21. Bg5+ Kd7 22. Qh3+ Rg4 23. Qxh5 Rxf4 24. Qh3+ Rg4 25. b3 Qxd5 26. Qxg4+ f5 27. Qh5 hxg5 28. Qh7+ Kd8 29. Rd1 Qe4 30. Qf7 Qe7 31. Qxf5 Rc8 32. Kb1 Bg7 33. Qg6 Be5 34. Nb4 Qf6 35. Qxf6+ Bxf6 36. Rxd6+ Ke7 37. Rxa6 Rc5 38. Nd3 Rf5 39. Ra7+ Ke6 40. Kc2 g4 41. Rh7 g3 42. Rh1 Bd4 43. Re1+ Kf6 44. Re2 Bf2 45. Ne1 Kg5 46. Kd3 Kg4 47. Ke4 Rf4+ 48. Ke5 Rf8 49. Kd5 Rd8+ 50. Kc6 Rd1 51. Nc2 Kf3 0-1

[Event "89th GER-ch"]
[Site "Dresden"]
[Date "2018.08.10"]
[Round "8.3"]
[White "Gschnitzer, Adrian"]
[Black "Armbrust, Florian"]
[Result "0-1"]
[ECO "B65"]
[WhiteElo "2333"]
[BlackElo "2300"]
[Annotator "NA"]
[PlyCount "98"]
[EventDate "2018.08.03"]
[EventType "swiss"]
[EventCountry "GER"]
[SourceTitle "playchess.com"]
[Source "ChessBase"]
[SourceQuality "1"]
[TimeControl "40/5400+30:1800+30"]

1. e4 c5 2. Nf3 d6 3. d4 cxd4 4. Nxd4 Nf6 5. Nc3 Nc6 6. Bg5 e6 7. Qd2 Be7 8. O-O-O Nxd4 9. Qxd4 O-O 10. f4 Qa5 11. e5 dxe5 12. Qxe5 Qxe5 13. fxe5 Nd5 14. Bxe7 Nxe7 15. Bd3 b6 16. Be4 Rb8 17. Rhe1 Bb7 18. Rd7 Bxe4 19. Rxe4 Nc6 20. Nb5 Rbd8 21. Rd6 Rxd6 22. exd6 a6 23. Nc7 Rd8 24. Ra4 a5 25. Nb5 Ne5 26. a3 Kf8 27. Rh4 h6 28. Kd2 f5 29. b4 axb4 30. axb4 Ke8 31. c4 Kd7 32. Kc3 Rc8 33. Rd4 Rc6 34. Rh4 Ng4 35. h3 Ne3 36. g3 Nd5+ 37. Kb3 Nf6 38. Rd4 Ne4 39. Rd1 g5 40. Ra1 Nxd6 41. Ra7+ Ke8 42. Nc7+ Kd7 43. Nd5+ Kd8 44. Ra8+ Rc8 45. Nxb6 Rxa8 46. Nxa8 f4 47. gxf4 gxf4 48. Kc3 f3 49. Kd3 Nxc4 0-1

[Event "89th GER-ch"]
[Site "Dresden"]
[Date "2018.08.11"]
[Round "9.2"]
[White "Poetsch, Hagen"]
[Black "Gungl, Theo"]
[Result "0-1"]
[ECO "B90"]
[WhiteElo "2513"]
[BlackElo "2283"]
[Annotator "ChessBase"]
[PlyCount "80"]
[EventDate "2018.08.03"]
[EventType "swiss"]
[EventCountry "GER"]
[SourceTitle "playchess.com"]
[Source "ChessBase"]
[SourceQuality "1"]
[TimeControl "40/5400+30:1800+30"]

1. e4 c5 2. Nf3 d6 3. d4 cxd4 4. Nxd4 Nf6 5. Nc3 a6 6. Nb3 e6 7. g4 b5 8. Bg2 Bb7 9. g5 Nfd7 10. a3 Nc6 11. O-O Be7 12. f4 O-O 13. Be3 Nb6 14. Nd2 Na5 15. Qe2 Nac4 16. Nxc4 Nxc4 17. Bc1 Rc8 18. Kh1 e5 19. h4 exf4 20. Bxf4 Nxb2 21. Nd5 Nc4 22. a4 Bc6 23. Qg4 Bd7 24. Qg3 bxa4 25. h5 Bc6 26. Bh3 Bxd5 27. exd5 Rc5 28. Rxa4 Nb6 29. Rxa6 Nxd5 30. Bd2 Nc7 31. Ra4 Bxg5 32. Rg1 h6 33. Rd4 Ne6 34. Rxd6 Qa8+ 35. Bg2 Qb8 36. Bf3 Rxc2 37. Bxg5 Nxg5 38. Bd5 Qb2 39. Rd7 Rc3 40. Rxf7 Rxf7 0-1

[Event "89th GER-ch"]
[Site "Dresden"]
[Date "2018.08.11"]
[Round "9.3"]
[White "Miller, Eduard"]
[Black "Langrock, Hannes"]
[Result "1-0"]
[ECO "A05"]
[WhiteElo "2309"]
[BlackElo "2370"]
[Annotator "NA"]
[PlyCount "125"]
[EventDate "2018.08.03"]
[EventType "swiss"]
[EventCountry "GER"]
[SourceTitle "playchess.com"]
[Source "ChessBase"]
[SourceQuality "1"]
[TimeControl "40/5400+30:1800+30"]

1. Nf3 e6 2. g3 b6 3. Bg2 Bb7 4. O-O c5 5. d3 Nf6 6. e4 d6 7. Re1 Be7 8. Nbd2 O-O 9. c3 Nc6 10. a3 Ne5 11. Nxe5 dxe5 12. Nc4 Nd7 13. a4 a6 14. f4 exf4 15. Bxf4 b5 16. Nd2 Bc6 17. Qe2 Nb6 18. a5 Nd7 19. Nb3 Bg5 20. Qe3 Bxf4 21. gxf4 Qe7 22. d4 cxd4 23. cxd4 Bb7 24. d5 Rac8 25. Rad1 e5 26. Bh3 exf4 27. Qxf4 Rc4 28. Nd2 Rc2 29. Nf3 Nc5 30. b4 Na4 31. d6 Qd8 32. Rc1 Rc3 33. Bg4 Bc8 34. e5 Bd7 35. Qd4 Bxg4 36. Rxc3 Nxc3 37. Qxg4 Qa8 38. Re3 Qc6 39. Qd4 Ne2+ 40. Rxe2 Qxf3 41. Re3 Qf5 42. d7 Rd8 43. Rd3 h5 44. h4 Kh7 45. Kg2 Qg6+ 46. Kf2 Qf5+ 47. Ke1 g6 48. Kd2 g5 49. hxg5 Qxg5+ 50. Kc2 Qg4 51. Qd6 Qg5 52. Kb2 h4 53. Qd5 Kg7 54. Rf3 Qg2+ 55. Ka3 Qg6 56. Qd4 Kf8 57. Qc5+ Kg7 58. Qe7 Qh5 59. Qf6+ Kh7 60. Qxf7+ Qxf7 61. Rxf7+ Kg6 62. e6 h3 63. Rf2 1-0

[Event "89th GER-ch"]
[Site "Dresden"]
[Date "2018.08.11"]
[Round "9.4"]
[White "Mueller, Nick"]
[Black "Armbrust, Florian"]
[Result "1/2-1/2"]
[ECO "E92"]
[WhiteElo "2313"]
[BlackElo "2300"]
[Annotator "NA"]
[PlyCount "67"]
[EventDate "2018.08.03"]
[EventType "swiss"]
[EventCountry "GER"]
[SourceTitle "playchess.com"]
[Source "ChessBase"]
[SourceQuality "1"]
[TimeControl "40/5400+30:1800+30"]

1. d4 Nf6 2. c4 g6 3. Nc3 Bg7 4. e4 d6 5. Nf3 O-O 6. Be2 e5 7. Be3 exd4 8. Nxd4 Re8 9. f3 c6 10. Bf2 d5 11. exd5 cxd5 12. O-O Nc6 13. c5 Nxd4 14. Bxd4 Be6 15. Qd2 Nd7 16. Rfd1 Ne5 17. Rac1 Qh4 18. Bf2 Qb4 19. Nxd5 Qxd2 20. Rxd2 Rad8 21. Rcd1 Rxd5 22. Rxd5 Bxd5 23. Rxd5 Nc6 24. Bb5 Bxb2 25. Rd7 a6 26. Ba4 Rb8 27. f4 Nd8 28. g4 Rc8 29. Bb3 Bf6 30. Bd5 Kf8 31. Bb3 Be7 32. f5 Rc6 33. Bd4 Ke8 34. Rd5 {Rh6 Kg2 Nc6 Be3 Rh4 Kg3 Re4 Kf3 Rh4 Kg3} 1/2-1/2